 Dungeon Crawl Stone Soup version 0.31-a0-182-gc5ef74bbde (webtiles) character file.

Game seed: 13154000897003183809

41 qw the Shield-Bearer (level 3, -2/23 HPs)
             Began as a Gargoyle Fighter on June 20, 2023.
             Killed from afar by Natasha (6 damage)
             ... with a magic dart
             ... on level 3 of the Dungeon.
             The game lasted 00:00:29 (1496 turns).

qw the Shield-Bearer (Gargoyle Fighter)             Turns: 1496, Time: 00:00:30

Health: -2/23      AC: 12    Str: 21    XL:     3   Next: 52%
Magic:  3/3        EV:  7    Int:  8    God:
Gold:   112        SH:  4    Dex:  9    Spells: 2/2 levels left

rFire   . . .        Y - +0 war axe
rCold   . . .        c - +0 buckler
rNeg    + . .        k - +0 chain mail
rPois   inf          (no helmet)
rElec   +            (no cloak)
rCorr   .            (no gloves)
SInv    .            (no boots)
Will    .....        (no amulet) Stlth
                     (no ring)
HPRegen 0.23/turn    (no ring)
MPRegen 0.08/turn

%: no passive effects
@: no status effects
A: sickness immunity, AC +3, negative energy resistance 1, electricity
resistance, torment resistance 1, petrification resistance
a: no special abilities


You were on level 3 of the Dungeon.
You visited 1 branch of the dungeon, and saw 3 of its levels.

You collected 112 gold pieces.


Innate Abilities, Weirdness & Mutations

You are immune to sickness and miasma.
Your stone body is resilient. (AC +3)
You are immune to poison.
You resist negative energy. (rN+)
You are resistant to electric shocks. (rElec)
You are resistant to unholy torment.
You are immune to petrification.


   Skills:
 - Level 3.2 Fighting
 + Level 3.2 Axes
 - Level 1.0 Throwing
 - Level 3.2 Armour
 - Level 3.2 Shields


You had 2 spell levels left.
You didn't know any spells.
Your spell library was empty.

Inventory:

Hand Weapons
 a - a +0 flail
 Y - a +0 war axe (weapon)
Missiles
 j - 3 boomerangs
 m - 3 javelins (quivered)
Armour
 c - a +0 buckler (worn)
 k - a +0 chain mail (worn)
Scrolls
 b - a scroll of identify
Potions
 d - a potion of might
 f - a potion of curing
 g - a potion of haste {unknown}
 h - a potion of magic
 i - a potion of enlightenment {unknown}

Dungeon Overview and Level Annotations

Branches:
Dungeon (3/15)

Altars:

Shops:
D:1 (

Annotations:
D:3 Natasha


Message History

You hear a shout!
You slash Natasha!
Natasha is almost dead.
Natasha mumbles some strange words.
Natasha glows brightly for a moment.
Natasha closely misses you.
The cerulean imp hits you but does no damage.
Natasha casts a spell.
The cerulean imp barely misses you.
You closely miss Natasha.
Natasha is almost dead.
Natasha drinks a potion.
Natasha is healed!
The cerulean imp hits you but does no damage.
You hit Natasha.
Natasha is heavily wounded.
Natasha closely misses you. The cerulean imp barely misses you.
Natasha barely misses you.
The cerulean imp hits you from afar with a +1 spear.
You barely miss Natasha.
Natasha is moderately wounded.
Natasha claws you but does no damage.
The cerulean imp hits you from afar with a +1 spear.
You closely miss Natasha.
Natasha is moderately wounded.
You block Natasha's attack.
The cerulean imp hits you but does no damage.
You miss Natasha.
Natasha is moderately wounded.
Natasha claws you. You block the cerulean imp's attack.
Natasha claws you but does no damage.
The cerulean imp hits you but does no damage.
You hit Natasha.
Natasha is severely wounded.
The cerulean imp disappears in a puff of smoke!
You block Natasha's attack. You block the cerulean imp's attack.
You closely miss Natasha.
Natasha is severely wounded.
Natasha stares at you and mumbles some strange words.
The magic dart hits you.
You die...

#....#..#
#....#..#
+.......#
#....##.#
#.... #.#
##### #.#
#(# #(#
#@# #.h#
#5## .5
..K ....
.....
#.#...


You could see Natasha, 2 cerulean imps and a kobold.

Vanquished Creatures
  A worm (D:2)
  2 dart slugs (D:2)
  4 endoplasms
  5 goblins
  3 hobgoblins
  3 jackals (D:1)
  2 quokkas
  2 bats (D:2)
  A frilled lizard (D:1)
  5 kobolds
  A rat (D:1)
29 creatures vanquished.

Notes
Turn   | Place    | Note
-------+----------+-------------------------------------------
     0 | D:1      | qw the Gargoyle Fighter began the quest for the Orb.
     0 | D:1      | Reached XP level 1. HP: 14/14 MP: 1/1
     0 | D:1      | 0 ||| qw: Version: 0.3-a-9-g12657ce
     0 | D:1      | 0 ||| qw: Game counter: 1223
     0 | D:1      | 0 ||| qw: Always use a shield: true
     0 | D:1      | 0 ||| qw: God list: Okawaru
     0 | D:1      | 0 ||| qw: Allow faded altars: false
     0 | D:1      | 0 ||| qw: Do Orc after D:15 true
     0 | D:1      | 0 ||| qw: Do second Lair branch before Depths: true
     0 | D:1      | 0 ||| qw: Lair rune preference: random
     0 | D:1      | 0 ||| qw: Plans: Normal, Zot:1-4, Slime:5, God:TSO, Crypt,
                  | Tomb, Abyss, Pan, Hells, Win
     0 | D:1      | 0 ||| PLANNING D:1-11
    35 | D:1      | Found Kuram's Weapon Emporium.
    39 | D:1      | 39 ||| SHOPLISTING +0 club (12 gold, have 0).
   186 | D:1      | Reached XP level 2. HP: 19/19 MP: 2/2
   527 | D:1      | 527 ||| Stepping ~*~*~tactically~*~*~ (stealth).
   646 | D:1      | 646 ||| READING scroll labelled SICRAC NAMOU.
   647 | D:1      | 647 ||| DRINKING 2 brown potions.
   682 | D:2      | Reached skill level 3 in Axes
   706 | D:2      | 706 ||| Stepping ~*~*~tactically~*~*~ (hiding).
   715 | D:2      | Reached XP level 3. HP: 23/23 MP: 3/3
  1021 | D:2      | 1021 ||| DROPPING +0 club.
  1029 | D:2      | Reached skill level 1 in Throwing
  1041 | D:2      | 1041 ||| Stepping ~*~*~tactically~*~*~ (hiding).
  1324 | D:2      | 1324 ||| UPGRADING to +0 chain mail.
  1334 | D:2      | 1334 ||| DROPPING +0 scale mail.
  1335 | D:2      | 1335 ||| READING scroll labelled FITZUZ XAURENU.
  1336 | D:2      | 1336 ||| READING scroll labelled ENIFUIXZOR.
  1337 | D:2      | 1337 ||| READING scroll labelled IMAICAY MEOCO.
  1471 | D:3      | Noticed Natasha
  1472 | D:3      | 1472 ||| Stepping ~*~*~tactically~*~*~ (stealth).
  1494 | D:3      | HP: 3/23 [Natasha (6)]
  1496 | D:3      | Killed from afar by Natasha

Levels and vault maps discovered:
D:1:      lemuel_arrival_cross, layout_loops_cross, serial_shops, shop,
          minmay_cut_off
D:2:      layout_rooms
D:3:      layout_basic, hangedman_ru_absence, nicolae_overflow_hidden_temple,
          gammafunk_ghost_gnarly_gnolls, st_stairs_8, uniq_natasha

Skill      XL: |  1  2  3 |
---------------+----------+-----
Axes           | 2 3 |  3.2
Throwing       | 1 |  1.0
Fighting       | |  3.2
Armour         | |  3.2
Shields        | |  3.2

Action                     || total
---------------------------++-------
  Melee: War axe           ||    61
  Throw: Javelin           ||    27
         Boomerang         ||     1
    Use: Scroll            ||     4
         Potion            ||     1
 Armour: Scale mail        ||    26
         Chain mail        ||    12
  Dodge: Dodged            ||    34
  Block: Buckler           ||    14

Table legend:
 A = Non-vault XP
 B = Vault XP
 C = Vault XP percentage of total XP
 D = Non-vault monster count
 E = Vault monster count
 F = Vault count percentage of total count
                 A         B        C        D         E       F
            +---------+---------+-------+---------+---------+-------
      Total |      53 |       6 |  10.2 |      26 |       3 |  10.3
            +---------+---------+-------+---------+---------+-------
        D:1 |      23 |       6 |  20.7 |      13 |       3 |  18.8
        D:2 |      28 |       0 |   0.0 |      12 |       0 |   0.0
        D:3 |       2 |       0 |   0.0 |       1 |       0 |   0.0
            +---------+---------+-------+---------+---------+-------
